[Event "Titled Tuesday Blitz June 1 2021"]
[White "LikeWater"]
[Black "Novikov, Evgenij"]
[BlackFideId "4125380"]
[WhiteElo "2668"]
[BlackElo "2242"]
[Result "1/2-1/2"]
[Round "04"]
[TimeControl "180+1"]
[Date "2021.06.01"]
[WhiteClock "0:00:08"]
[BlackClock "0:00:11"]

1. e4 d6 2. d4 e5 3. dxe5 dxe5 4. Qxd8+ Kxd8 5. Bc4 f6 6. f4 Bg4 7. Nf3 Bxf3 8. gxf3 Bd6 9. Rg1 g6 10. fxe5 fxe5 11. Bg5+ Ne7 12. f4 Nc6 13. f5 Nd4 14. f6 Nf3+ 15. Kf2 Nxg5 16. fxe7+ Bxe7 17. Rd1+ Bd6 18. h4 Nxe4+ 19. Kg2 Rf8 20. Bd5 Rf2+ 21. Kg1 Rf4 22. Bxb7 Rg4+ 23. Kf1 Ng3+ 24. Kf2 Rb8 25. Bf3 Rf4 26. Kxg3 Rxb2 27. Nc3 Rxc2 28. Ne4 Ke7 29. Rd3 Rf8 30. Rad1 Rxa2 31. Nc3 Ra5 32. Ne4 Ra6 33. Bg2 h6 34. Rc3 Rb6 35. Ra1 a6 36. Rc4 Rfb8 37. Rca4 Rb3+ 38. Kh2 g5 39. h5 g4 40. Rxa6 g3+ 41. Kh3 R8b4 42. Ra7 Ke6 43. Rd1 Rd4 44. Re1 Rbb4 45. Ra5 c5 46. Nxc5+ Bxc5 47. Rxc5 e4 48. Kxg3 Kd6 49. Rf5 Rb3+ 50. Kf4 e3+ 51. Kf3 Rdd3 52. Rf4 Ke5 53. Re4+ Kf5 54. R1xe3 Rxe3+ 55. Rxe3 Rxe3+ 56. Kxe3 Kg5 57. Bf3 Kf6 58. Kf4 Kg7 59. Kf5 Kh8 60. Kg6 Kg8 61. Kxh6 Kh8 62. Kg6 Kg8 63. h6 Kh8 64. h7 1/2-1/2


[Site "https://www.chess.com"]

[Event "Titled Tuesday Blitz June 1 2021"]
[White "Lysyj, Igor"]
[Black "Andreev, Eduard"]
[WhiteFideId "4150120"]
[BlackFideId "14103400"]
[WhiteElo "2660"]
[BlackElo "2418"]
[Result "1-0"]
[Round "04"]
[TimeControl "180+1"]
[Date "2021.06.01"]
[WhiteClock "0:01:29"]
[BlackClock "0:00:43"]

1. d4 Nf6 2. c4 e6 3. Nf3 c5 4. e3 cxd4 5. exd4 d5 6. Nc3 Bb4 7. cxd5 Nxd5 8. Bd2 Nc6 9. Bd3 Be7 10. O-O O-O 11. Qe2 Bf6 12. Qe4 g6 13. Bh6 Re8 14. Rad1 Nxc3 15. bxc3 Bd7 16. Rfe1 Qa5 17. Qf4 Bg7 18. Ng5 f6 19. Ne4 Rf8 20. Bxg7 Kxg7 21. Nc5 Rad8 22. Nxb7 Qxc3 23. Nxd8 Rxd8 24. Qc7 Qa5 25. Qxa5 Nxa5 26. d5 Ba4 27. dxe6 Bxd1 28. e7 Re8 29. Bb5 1-0


[Site "https://www.chess.com"]

[Event "Titled Tuesday Blitz June 1 2021"]
[White "Makhnev, Denis"]
[Black "Romanchuk, Viktor"]
[WhiteFideId "13707647"]
[BlackFideId "14109271"]
[WhiteElo "2549"]
[BlackElo "2242"]
[Result "1-0"]
[Round "04"]
[TimeControl "180+1"]
[Date "2021.06.01"]
[WhiteClock "0:00:51"]
[BlackClock "0:01:10"]

1. d4 d5 2. c4 c6 3. Nf3 Nf6 4. Qb3 dxc4 5. Qxc4 Bf5 6. g3 e6 7. Bg2 Nbd7 8. O-O Be7 9. Qb3 Qb6 10. Nbd2 O-O 11. Nc4 Qxb3 12. axb3 Be4 13. Bf4 c5 14. Bd6 Rfe8 15. Rfc1 Nd5 16. Bxe7 Rxe7 17. Nd6 Bxf3 18. Bxf3 cxd4 19. Bxd5 exd5 20. Rc7 Kf8 21. Rxa7 Rb8 22. Raxb7 Rd8 23. Nf5 1-0


[Site "https://www.chess.com"]

[Event "Titled Tuesday Blitz June 1 2021"]
[White "Maksimenko, Viktor"]
[Black "Sadhwani, Raunak"]
[WhiteFideId "13710478"]
[BlackFideId "35093487"]
[WhiteElo "2269"]
[BlackElo "2514"]
[Result "1-0"]
[Round "04"]
[TimeControl "180+1"]
[Date "2021.06.01"]
[WhiteClock "0:00:15"]
[BlackClock "0:00:08"]

1. d4 c5 2. d5 e5 3. e4 d6 4. Nc3 Be7 5. Bb5+ Nd7 6. a4 a6 7. Be2 Bg5 8. Nf3 Bxc1 9. Qxc1 Ne7 10. Nd2 O-O 11. Nc4 Qc7 12. O-O Ng6 13. g3 Nf6 14. Kg2 Re8 15. h4 h6 16. Qe3 Bd7 17. a5 Rad8 18. Rab1 Bb5 19. Nxb5 axb5 20. Nb6 c4 21. b3 Nf4+ 22. gxf4 exf4 23. Qf3 Nxe4 24. Rbd1 Qe7 25. Kh3 Qe5 26. Rg1 Nc3 27. Bf1 Qf5+ 28. Kh2 Qxc2 29. Rd4 cxb3 30. Bd3 Qd2 31. Bh7+ Kxh7 32. Rxd2 Ne4 33. Re2 Nc5 34. Rxe8 Rxe8 35. Qg4 g6 36. h5 g5 37. Qf5+ Kg7 38. Nd7 Nxd7 39. Qxd7 Re2 40. Qxd6 b2 41. Qb4 f3 42. Kg3 f5 43. Rb1 g4 44. Rxb2 Re4 45. Qxe4 fxe4 46. Rb4 e3 47. fxe3 1-0


[Site "https://www.chess.com"]

[Event "Titled Tuesday Blitz June 1 2021"]
[White "Martin Duque, Jesus"]
[Black "Csonka, Balazs"]
[WhiteFideId "2208954"]
[BlackFideId "742910"]
[WhiteElo "2246"]
[BlackElo "2404"]
[Result "1/2-1/2"]
[Round "04"]
[TimeControl "180+1"]
[Date "2021.06.01"]
[WhiteClock "0:00:13"]
[BlackClock "0:00:04"]

1. Nf3 b6 2. g3 Bb7 3. Bg2 Nf6 4. O-O e6 5. b3 Be7 6. Bb2 O-O 7. e3 c5 8. Qe2 d5 9. Rd1 Nc6 10. d4 cxd4 11. Nxd4 Nxd4 12. Bxd4 Qc8 13. Nd2 Rd8 14. c4 dxc4 15. Nxc4 Bxg2 16. Kxg2 Qb7+ 17. Qf3 Qxf3+ 18. Kxf3 Nd5 19. Rac1 f6 20. a4 Kf7 21. Ke2 e5 22. Bb2 Ke6 23. e4 Nb4 24. Ne3 Bc5 25. Nc4 Nc6 26. f4 exf4 27. gxf4 f5 28. Kf3 g6 29. Ne5 Rxd1 30. Rxd1 Rd8 31. Rxd8 Nxd8 32. Nd3 fxe4+ 33. Kxe4 Bd6 34. h3 Nc6 35. Bc3 a6 36. Nb2 b5 37. axb5 axb5 38. Nd3 Ne7 39. Ne1 Nd5 40. Bd2 Nf6+ 41. Kd3 Kf5 42. Nf3 Nd5 43. Nd4+ Kf6 44. Ke4 Nc7 45. Ba5 Ne6 46. Nxb5 Bxf4 47. Bc3+ Kf7 48. b4 Bb8 49. Nd4 Ng5+ 50. Kd5 Nxh3 51. Nc6 Bc7 52. b5 Nf4+ 53. Kc5 Ne6+ 54. Kc4 g5 55. Kd5 Nf4+ 56. Ke4 Kg6 57. Ne7+ Kf7 58. Nf5 h5 59. Be5 Bb6 60. Nd6+ Ke6 61. Nc4 Bd8 62. b6 Bxb6 63. Nxb6 Ng6 64. Bh2 g4 65. Nc4 h4 66. Ne3 g3 67. Bg1 h3 68. Ng4 Ne5 69. Kf4 Nxg4 70. Kxg3 h2 71. Bxh2 1/2-1/2


[Site "https://www.chess.com"]

[Event "Titled Tuesday Blitz June 1 2021"]
[White "Martinez Alcantara, Jose Eduardo"]
[Black "Urazayev, Arystanbek"]
[WhiteFideId "3805662"]
[BlackFideId "13709810"]
[WhiteElo "2690"]
[BlackElo "2321"]
[Result "0-1"]
[Round "04"]
[TimeControl "180+1"]
[Date "2021.06.01"]
[WhiteClock "0:00:02"]
[BlackClock "0:00:43"]

1. e4 c5 2. Nf3 e6 3. g3 Nc6 4. Bg2 Nf6 5. Qe2 Be7 6. O-O d5 7. e5 Nd7 8. c3 O-O 9. d4 a5 10. Be3 b6 11. Rd1 Ba6 12. Qd2 f6 13. Bh3 fxe5 14. Bxe6+ Kh8 15. Bxd5 Qc7 16. Na3 exd4 17. cxd4 Nf6 18. Bf4 Qc8 19. Bxc6 Qxc6 20. d5 Qe8 21. Re1 Qh5 22. Ng5 Ng4 23. h3 Bxg5 24. hxg4 Bxf4 25. Qxf4 Qxd5 26. Qe4 Qf7 27. Qf5 Qxf5 28. gxf5 Rxf5 29. Rad1 Raf8 30. Rd2 h6 31. Nc2 Bb5 32. Re6 R5f6 33. Re7 Re8 34. Rxe8+ Bxe8 35. Ne3 Kh7 36. Rd8 Bc6 37. Rb8 Bf3 38. Kh2 h5 39. Rd8 g5 40. a3 g4 41. Rd2 b5 42. Rd7+ Kg6 43. Rd8 b4 44. axb4 axb4 45. Rc8 Rc6 46. Rg8+ Kh7 47. Rd8 c4 48. Rd2 c3 49. bxc3 bxc3 50. Rc2 Be4 51. Rc1 c2 52. Kg1 Rb6 53. Nxc2 Rc6 54. Re1 Bxc2 55. Rc1 Be4 56. Re1 Bf3 57. Ra1 Rd6 58. Kh2 Rd2 59. Ra7+ Kg8 60. Ra8+ Bxa8 0-1


[Site "https://www.chess.com"]

[Event "Titled Tuesday Blitz June 1 2021"]
[White "Miszler, Levente"]
[Black "Ghimpu, Samuel-Timotei"]
[WhiteFideId "763276"]
[BlackFideId "1238175"]
[WhiteElo "1967"]
[BlackElo "2026"]
[Result "0-1"]
[Round "04"]
[TimeControl "180+1"]
[Date "2021.06.01"]
[WhiteClock "0:00:01"]
[BlackClock "0:01:22"]

1. Nf3 Nf6 2. c4 g6 3. g3 Bg7 4. Bg2 O-O 5. O-O d6 6. Nc3 Nc6 7. d3 Rb8 8. Rb1 a6 9. a4 a5 10. e4 e5 11. Nd5 h6 12. Bd2 Nd7 13. Ne1 Nc5 14. Bc3 f5 15. f4 Kh7 16. Nc2 Nxa4 17. Nce3 Nxc3 18. bxc3 exf4 19. gxf4 Ne7 20. Qa4 Nxd5 21. Nxd5 c6 22. Ne3 Bxc3 23. Nc2 Bd7 24. Qb3 Bg7 25. d4 b5 26. e5 Be6 27. d5 bxc4 28. Qxc4 cxd5 29. Bxd5 Rc8 30. Bxe6 Rxc4 31. Bxc4 dxe5 32. Rfd1 Qc7 33. Na3 Qc5+ 34. Kh1 Qxa3 0-1


[Site "https://www.chess.com"]

[Event "Titled Tuesday Blitz June 1 2021"]
[White "Moroni, Luca Jr"]
[Black "Viswanadha, Kesav"]
[WhiteFideId "865834"]
[BlackFideId "2059533"]
[WhiteElo "2491"]
[BlackElo "2191"]
[Result "0-1"]
[Round "04"]
[TimeControl "180+1"]
[Date "2021.06.01"]
[WhiteClock "0:00:04"]
[BlackClock "0:00:08"]

1. d4 Nf6 2. c4 e6 3. Nc3 Bb4 4. Nf3 c5 5. g3 cxd4 6. Nxd4 O-O 7. Bg2 Nc6 8. O-O a6 9. Nc2 Be7 10. b3 Qc7 11. Bb2 b6 12. Rc1 Bb7 13. e4 Rac8 14. h3 Qb8 15. f4 d6 16. Ne3 b5 17. Kh2 Qa7 18. Qd2 bxc4 19. Nxc4 Rfd8 20. Rfd1 h6 21. Qe1 Ne8 22. Qe2 Nc7 23. Qg4 Bf8 24. Nxd6 Rxd6 25. Rxd6 h5 26. Qd1 Bxd6 27. Qxd6 Qf2 28. Nd1 Qe2 29. Ba1 Nb5 30. Qc5 Rd8 31. Nc3 Qd2 32. Rd1 Qxd1 33. Nxd1 Rxd1 34. Qc2 Rd7 35. a4 Nbd4 36. Bxd4 Nxd4 37. Qb2 f6 38. b4 e5 39. fxe5 fxe5 40. b5 axb5 41. axb5 Rc7 42. Qa2+ Kh7 43. h4 Rc2 44. Qf7 Bxe4 45. Qxh5+ Kg8 46. Qe8+ Kh7 47. Qh5+ Kg8 48. Qxe5 Nf3+ 49. Kh3 Nxe5 50. Bxe4 Rb2 51. Bd5+ Kf8 52. h5 Rxb5 53. Be6 Nf3 54. Kg2 Ng5 55. Bg4 Rb2+ 56. Kf1 Kg8 57. Bf5 Kh8 58. g4 Nf7 59. Ke1 Nh6 60. Be6 Rb4 61. Kf2 Nxg4+ 62. Kg3 Nf6 0-1


[Site "https://www.chess.com"]

[Event "Titled Tuesday Blitz June 1 2021"]
[White "Moskalenko, Alexander"]
[Black "Andreikin, Dmitry"]
[WhiteFideId "4155351"]
[BlackFideId "4158814"]
[WhiteElo "2495"]
[BlackElo "2782"]
[Result "1-0"]
[Round "04"]
[TimeControl "180+1"]
[Date "2021.06.01"]
[WhiteClock "0:00:08"]
[BlackClock "0:00:03"]

1. e4 c5 2. Ne2 Nc6 3. g3 d5 4. Bg2 d4 5. O-O e5 6. d3 h5 7. f4 h4 8. f5 hxg3 9. hxg3 Be7 10. Nd2 Bg5 11. Nf3 Bxc1 12. Qxc1 f6 13. Nh4 Nge7 14. a4 Bd7 15. Kf2 Qb6 16. b3 O-O-O 17. Rh1 Nb4 18. Qd2 Qc7 19. g4 a6 20. Ng3 Be8 21. Rac1 b5 22. axb5 axb5 23. Bf3 Kb7 24. Ra1 Nec6 25. Ng6 Rxh1 26. Rxh1 Ra8 27. Nf8 Ra2 28. Bd1 Qa5 29. Ne6 Nxc2 30. Qxa5 Nxa5 31. Rh7 Ne3+ 32. Be2 Nxg4+ 33. Kg1 Nxb3 34. Bxg4 c4 35. Nxg7 c3 36. Nxe8+ Kb6 37. Bd1 Ra1 38. Kf2 Rxd1 39. Ne2 c2 40. Nxf6 c1=Q 41. Nd5+ Kc5 42. Rc7+ Kd6 43. Nxc1 Nxc1 44. f6 Nxd3+ 45. Ke2 Re1+ 46. Kxd3 Rf1 47. f7 b4 48. Rb7 b3 49. Rb6+ Kd7 50. Rf6 Rxf6 51. Nxf6+ Ke7 52. Ng4 b2 53. Kc2 d3+ 54. Kxb2 Kxf7 55. Nxe5+ Kf6 56. Nxd3 1-0


[Site "https://www.chess.com"]

[Event "Titled Tuesday Blitz June 1 2021"]
[White "Murzin, Volodar"]
[Black "Abdusattorov, Nodirbek"]
[WhiteFideId "44155573"]
[BlackFideId "14204118"]
[WhiteElo "2541"]
[BlackElo "2662"]
[Result "0-1"]
[Round "04"]
[TimeControl "180+1"]
[Date "2021.06.01"]
[WhiteClock "0:00:01"]
[BlackClock "0:00:11"]

1. e4 c6 2. Nf3 d5 3. exd5 cxd5 4. Ne5 Nc6 5. Bb5 Bd7 6. Bxc6 Bxc6 7. O-O e6 8. d4 Bd6 9. Bf4 Ne7 10. Nd2 O-O 11. Re1 Bb5 12. Qg4 Nf5 13. Bg3 f6 14. Nef3 Nxg3 15. Qxe6+ Kh8 16. hxg3 Bc6 17. c3 Qc7 18. Nf1 Rae8 19. Qf5 g6 20. Qd3 Kg7 21. Rxe8 Rxe8 22. Ne3 Qf7 23. Re1 Re4 24. Nd2 Re8 25. Nc2 Rd8 26. Nf3 Bd7 27. Ne3 Re8 28. Qd2 Re4 29. b3 b5 30. Qd3 Re8 31. Re2 Rc8 32. Rc2 a5 33. Qd2 h5 34. c4 Bb4 35. Qe2 bxc4 36. bxc4 dxc4 37. d5 c3 38. Nd4 Ba4 39. Qa6 Qd7 40. Rc1 Ba3 41. Rb1 Bb2 42. Ne6+ Kf7 43. Nd4 Rc5 44. Qb6 Rc8 45. Qxa5 Rb8 46. Qa6 Rc8 47. Nc6 Bxc6 48. dxc6 Qxc6 49. Qxc6 Rxc6 50. Nc2 Ke6 51. Kf1 Kd5 52. Ke2 Kc4 53. Ne3+ Kb4 54. Nc2+ Ka4 55. Rd1 Re6+ 56. Kf3 g5 57. Rd4+ Kb5 58. Rd5+ Kc4 59. Rd4+ Kc5 60. Rd3 Re5 0-1


[Site "https://www.chess.com"]

[Event "Titled Tuesday Blitz June 1 2021"]
[White "Muthaiah AL"]
[Black "Herrera Reyes, Jose Antonio"]
[WhiteFideId "5092442"]
[BlackFideId "2274914"]
[WhiteElo "2184"]
[BlackElo "2370"]
[Result "1-0"]
[Round "04"]
[TimeControl "180+1"]
[Date "2021.06.01"]
[WhiteClock "0:00:06"]
[BlackClock "0:00:05"]

1. b3 Nf6 2. Bb2 g6 3. c4 Bg7 4. Nf3 O-O 5. e3 d6 6. Be2 Nc6 7. d4 a5 8. a3 b6 9. d5 Nb8 10. O-O Nbd7 11. Nd4 Bb7 12. Nc3 Nc5 13. Bf3 Nfd7 14. b4 Na6 15. Qb3 Ne5 16. Be2 Rb8 17. Rfd1 Nd7 18. Ncb5 Ne5 19. f4 Nd7 20. Na7 Ra8 21. Nac6 Qe8 22. Bf3 Nf6 23. e4 Nd7 24. Re1 e5 25. dxe6 fxe6 26. e5 dxe5 27. fxe5 Kh8 28. Rad1 axb4 29. axb4 Rf4 30. g3 Rf7 31. Bg4 Bxc6 32. Nxc6 Ndc5 33. bxc5 Qxc6 34. cxb6 cxb6 35. Rd6 Qc5+ 36. Bd4 Qa5 37. Re2 Nc5 38. Qxb6 Qxb6 39. Rxb6 Nd7 40. Bxe6 Nxb6 41. Bxf7 Na4 42. Bd5 Rc8 43. Ra2 Nb6 44. Bxb6 Bxe5 45. Kg2 Kg7 46. c5 Kh6 47. c6 Bd6 48. Kf3 Rb8 49. Be3+ g5 50. Ke2 Rb5 51. Rc2 Rxd5 52. c7 Bxc7 53. Rxc7 Ra5 54. Kf3 Ra6 55. g4 Kg6 56. h3 h6 57. Rb7 Ra3 58. Rb6+ Kg7 59. Ke4 Ra4+ 60. Bd4+ Kh7 61. Rb7+ Kg8 62. Rd7 Ra5 63. Be5 Ra3 64. Kf5 Rxh3 65. Kg6 Kf8 66. Bf6 Re3 67. Rd8+ Re8 68. Rxe8+ Kxe8 69. Kxh6 1-0


[Site "https://www.chess.com"]

[Event "Titled Tuesday Blitz June 1 2021"]
[White "Nagy, Gabor"]
[Black "Maevsky, Nikolay"]
[WhiteFideId "737119"]
[BlackFideId "4198220"]
[WhiteElo "2562"]
[BlackElo "2282"]
[Result "1/2-1/2"]
[Round "04"]
[TimeControl "180+1"]
[Date "2021.06.01"]
[WhiteClock "0:01:13"]
[BlackClock "0:00:08"]

1. c4 Nc6 2. Nc3 e5 3. g3 g6 4. Bg2 Bg7 5. d3 d6 6. Nf3 f5 7. O-O Nf6 8. Bg5 h6 9. Bxf6 Qxf6 10. Nd2 O-O 11. Nd5 Qf7 12. b4 Kh7 13. e3 Be6 14. b5 Nd8 15. Rb1 Qd7 16. a4 Rb8 17. Nb3 c6 18. Nb4 c5 19. Nd5 Bg8 20. f4 Ne6 21. Nd2 Nc7 22. Nxc7 Qxc7 23. Bd5 Qe7 24. Qf3 Rfe8 25. Rbe1 Bxd5 26. Qxd5 Qe6 27. e4 exf4 28. Qxe6 Rxe6 29. exf5 Rxe1 30. Rxe1 fxg3 31. fxg6+ Kxg6 32. hxg3 Be5 33. Kg2 Rg8 34. Nf3 Kf6 35. Nxe5 dxe5 36. Kf3 Rd8 37. Ke3 Rd4 38. Rh1 Kg6 39. a5 e4 40. dxe4 Rxc4 41. Rd1 Rb4 42. Rd6+ Kg5 43. b6 axb6 44. axb6 c4 45. e5 Kf5 46. e6 Kf6 47. Kd4 Rb3 48. Kxc4 Rxg3 49. Rd7 Kxe6 50. Rxb7 Kd6 51. Rh7 Kc6 52. b7 Rg8 53. Kb4 Rb8 54. Rxh6+ Kxb7 55. Kb5 Kc7+ 56. Kc5 Rd8 57. Ra6 Kb7 58. Rf6 Kc7 59. Rf7+ Rd7 60. Rf3 Rd8 61. Ra3 Rc8 62. Kb5 Kb7 63. Rg3 Rc7 64. Rg6 Rd7 65. Rb6+ Kc7 66. Rc6+ Kb7 67. Rh6 Kc7 68. Kc5 Kb7 69. Rc6 Rc7 70. Rxc7+ Kxc7 1/2-1/2


[Site "https://www.chess.com"]

[Event "Titled Tuesday Blitz June 1 2021"]
[White "Nakamura, Hikaru"]
[Black "Demidov, Mikhail"]
[WhiteFideId "2016192"]
[BlackFideId "4197143"]
[WhiteElo "2900"]
[BlackElo "2583"]
[Result "1/2-1/2"]
[Round "04"]
[TimeControl "180+1"]
[Date "2021.06.01"]
[WhiteClock "0:00:12"]
[BlackClock "0:00:10"]

1. b4 c6 2. Nf3 a5 3. bxa5 Nf6 4. c4 d5 5. e3 Qxa5 6. Nc3 g6 7. Be2 Bg7 8. Rb1 O-O 9. O-O Ne4 10. Bb2 Nxc3 11. Bxc3 Bxc3 12. dxc3 Qxc3 13. cxd5 cxd5 14. Qxd5 Nc6 15. Rfc1 Qa5 16. Qxa5 Rxa5 17. Bc4 Rd8 18. h3 Kg7 19. Rb5 Rxb5 20. Bxb5 Be6 21. a4 Bd5 22. Ne1 Na7 23. Bf1 Bc6 24. a5 Rd5 25. Ra1 Bb5 26. Nf3 Bxf1 27. Kxf1 Nc6 28. a6 bxa6 29. Rxa6 Rc5 30. g4 Ne5 31. Nd4 Rc7 32. Kg2 Rb7 33. f4 Nc4 34. Kf3 Nd2+ 35. Ke2 Ne4 36. Kf3 Nd2+ 37. Kg2 Nc4 38. e4 e5 39. fxe5 Nxe5 40. Ra5 Nc4 41. Rc5 Rb4 42. Nc6 Rb2+ 43. Kf3 Rb3+ 44. Kf4 Nd2 45. Nd4 Rxh3 46. Rc7 h6 47. e5 Rd3 48. Rd7 Kg8 49. Rd8+ Kh7 50. Rd7 Kg8 51. Rd8+ Kh7 52. Rd7 Nb3 53. Ne6 Rxd7 54. Nf8+ Kg7 55. Nxd7 Nd4 56. Ke4 Ne6 57. Nf6 Kf8 58. Nd7+ Ke7 59. Nf6 Kf8 60. Nd7+ Kg7 61. Nf6 Nf8 62. Ne8+ Kg8 63. Nf6+ Kh8 64. Kf4 Nh7 65. Ne8 Kg8 66. Nc7 Kf8 67. Nd5 Kg7 68. Ke4 Ng5+ 69. Kf4 Ne6+ 70. Ke4 h5 71. gxh5 gxh5 72. Kf5 Kh6 73. Ne3 h4 74. Kg4 Kg6 75. Kxh4 f6 76. exf6 Kxf6 1/2-1/2


[Site "https://www.chess.com"]

[Event "Titled Tuesday Blitz June 1 2021"]
[White "Nazaretyan, Tigran"]
[Black "Hoffmann, Asa"]
[WhiteFideId "24162345"]
[BlackFideId "2001470"]
[WhiteElo "2247"]
[BlackElo "2117"]
[Result "1-0"]
[Round "04"]
[TimeControl "180+1"]
[Date "2021.06.01"]
[WhiteClock "0:01:15"]
[BlackClock "0:00:41"]

1. d4 Nf6 2. c4 c5 3. d5 e5 4. Nc3 d6 5. e4 Be7 6. g3 O-O 7. Bg2 Na6 8. Nge2 Ne8 9. O-O Bd7 10. Be3 Nec7 11. f4 Bf6 12. Qd2 b5 13. b3 Rb8 14. Rab1 Qe7 15. f5 h6 16. h4 bxc4 17. bxc4 Rb4 18. Qd3 Na8 19. a3 Rbb8 20. Nb5 Bxb5 21. cxb5 N6c7 22. a4 Nb6 23. a5 Nd7 24. Nc3 Rb7 25. Rb2 Rfb8 26. Rfb1 Qd8 27. Bf1 Ne8 28. Ra2 Rc8 29. Qc4 Kh7 30. Bd2 g6 31. Bh3 g5 32. Qe2 Ng7 33. Kh2 gxh4 34. gxh4 Bxh4 35. Rg1 Bg5 36. Bxg5 hxg5 37. f6 Nxf6 38. Bxc8 Qxc8 39. Rxg5 Qh8 40. Qf3 Kg8+ 41. Kg1 Nh5 42. Rag2 f6 43. Rxh5 1-0


[Site "https://www.chess.com"]

[Event "Titled Tuesday Blitz June 1 2021"]
[White "Nesterov, Arseniy"]
[Black "Narva, Mai"]
[WhiteFideId "24198455"]
[BlackFideId "4500512"]
[WhiteElo "2441"]
[BlackElo "2236"]
[Result "1-0"]
[Round "04"]
[TimeControl "180+1"]
[Date "2021.06.01"]
[WhiteClock "0:00:08"]
[BlackClock "0:00:05"]

1. d4 Nf6 2. c4 e6 3. Nf3 c5 4. d5 b5 5. Bg5 exd5 6. cxd5 d6 7. e4 a6 8. a4 Be7 9. Bxf6 Bxf6 10. axb5 Bxb2 11. Ra2 Bf6 12. bxa6 O-O 13. a7 Nd7 14. Nbd2 Nb6 15. Bb5 Bd7 16. Qb3 Bxb5 17. Qxb5 Qc7 18. Ra6 Nc8 19. O-O Rxa7 20. Nc4 Rb7 21. Qc6 Qxc6 22. Rxc6 Rb4 23. Rc1 Rd8 24. g3 Kf8 25. Ne1 Ke7 26. Nd3 Rb7 27. Na5 Ra7 28. Nc4 Bd4 29. Kg2 Rb7 30. Ra6 Ra7 31. Rxa7+ Nxa7 32. Rb1 Rd7 33. Rb8 Rc7 34. Nc1 h6 35. Nb3 Bc3 36. Rb6 Rd7 37. f4 Nc8 38. Rb8 Na7 39. Kf3 f6 40. Rb6 Nc8 41. Ra6 Ra7 42. Rc6 Kd7 43. e5 fxe5 44. fxe5 dxe5 45. Nxc5+ Kd8 46. Ne6+ Kd7 47. Nc5+ Kd8 48. d6 Bd4 49. Ke4 Bxc5 50. Rxc5 Ra4 51. Kd5 e4 52. Rxc8+ Kxc8 53. Nb6+ Kd8 54. Nxa4 e3 55. Nb2 e2 56. Nd3 1-0


[Site "https://www.chess.com"]

[Event "Titled Tuesday Blitz June 1 2021"]
[White "Nguyen, Duc Hoa"]
[Black "Bluebaum, Matthias"]
[WhiteFideId "12401358"]
[BlackFideId "24651516"]
[WhiteElo "2299"]
[BlackElo "2685"]
[Result "1/2-1/2"]
[Round "04"]
[TimeControl "180+1"]
[Date "2021.06.01"]
[WhiteClock "0:00:14"]
[BlackClock "0:00:22"]

1. e4 c6 2. d4 d5 3. e5 Bf5 4. Be3 e6 5. Nd2 Nd7 6. Nb3 Qc7 7. Nf3 a6 8. Bd3 Bxd3 9. Qxd3 c5 10. dxc5 Bxc5 11. Bxc5 Nxc5 12. Nxc5 Qxc5 13. O-O Ne7 14. Nd4 O-O 15. c3 b5 16. a3 Rab8 17. f4 a5 18. h3 b4 19. axb4 axb4 20. Kh2 g6 21. Rfc1 Rfc8 22. cxb4 Qxb4 23. Rxc8+ Rxc8 24. Ra7 Rc1 25. Qe3 Re1 26. Qf2 Rd1 27. Qh4 Qxd4 28. Ra8+ Kg7 29. Qf6+ Kh6 30. Qg5+ Kg7 31. Qf6+ Kh6 32. Qg5+ Kg7 33. Qf6+ 1/2-1/2


[Site "https://www.chess.com"]

[Event "Titled Tuesday Blitz June 1 2021"]
[White "Nguyen, Van Huy"]
[Black "Gurevich, Dmitry"]
[WhiteFideId "12401064"]
[BlackFideId "2000407"]
[WhiteElo "2443"]
[BlackElo "2506"]
[Result "1/2-1/2"]
[Round "04"]
[TimeControl "180+1"]
[Date "2021.06.01"]
[WhiteClock "0:00:36"]
[BlackClock "0:00:19"]

1. d4 Nf6 2. c4 a6 3. Nc3 c5 4. d5 b5 5. e3 b4 6. Nb1 d6 7. Bd3 g6 8. e4 Bg7 9. Nf3 O-O 10. h3 a5 11. a4 bxa3 12. Nxa3 Na6 13. O-O Nb4 14. Bb1 e6 15. Bd2 exd5 16. cxd5 Ba6 17. Re1 Re8 18. Bc3 Nd7 19. Qd2 Rb8 20. Nc2 Nd3 21. Re3 Nxb2 22. Bxg7 Kxg7 23. Rxa5 Nc4 24. Qc3+ Qf6 25. Rxa6 Rxb1+ 26. Kh2 Nxe3 27. Qxe3 Ne5 28. Nce1 c4 29. Ra7 c3 30. Rc7 Rb3 31. Nd4 Rb4 32. Nec2 Rc4 33. Rxc4 Nxc4 34. Qxc3 Rxe4 35. Qxc4 Qf4+ 36. Kg1 Qc1+ 37. Kh2 Qf4+ 38. Kg1 Qc1+ 39. Kh2 Qf4+ 1/2-1/2


[Site "https://www.chess.com"]

[Event "Titled Tuesday Blitz June 1 2021"]
[White "Oparin, Grigoriy"]
[Black "Vukovic, Zdravko"]
[WhiteFideId "24125890"]
[BlackFideId "900877"]
[WhiteElo "2628"]
[BlackElo "2536"]
[Result "1-0"]
[Round "04"]
[TimeControl "180+1"]
[Date "2021.06.01"]
[WhiteClock "0:02:09"]
[BlackClock "0:00:40"]

1. Nc3 Nf6 2. e4 e5 3. Bc4 Bc5 4. d3 h6 5. f4 d6 6. Na4 Bb6 7. Nxb6 axb6 8. Nf3 Bg4 9. O-O O-O 10. h3 Bh5 11. g4 Nxg4 12. hxg4 Bxg4 13. Qd2 Nc6 14. Qg2 h5 15. f5 Kh7 16. Ng5+ Kg8 17. a3 Nd4 18. Rf2 b5 19. Ba2 Qf6 20. c3 Nc6 21. Nf3 Ne7 22. Bg5 1-0


[Site "https://www.chess.com"]

[Event "Titled Tuesday Blitz June 1 2021"]
[White "Pajeken, Jakob Leon"]
[Black "Maly, Alexey"]
[WhiteFideId "12942839"]
[BlackFideId "14103184"]
[WhiteElo "2024"]
[BlackElo "2314"]
[Result "1-0"]
[Round "04"]
[TimeControl "180+1"]
[Date "2021.06.01"]
[WhiteClock "0:01:27"]
[BlackClock "0:00:25"]

1. d4 d5 2. Nf3 Nf6 3. Bf4 e6 4. e3 c5 5. c3 Bd6 6. Bb5+ Nc6 7. Bxc6+ bxc6 8. Bxd6 Qxd6 9. Qa4 cxd4 10. cxd4 O-O 11. Nbd2 a5 12. O-O Ba6 13. Rfc1 Rfc8 14. Nb3 Bb5 15. Qa3 Qxa3 16. bxa3 Ne4 17. Nc5 Nd6 18. Ne5 Nc4 19. a4 Nxe5 20. axb5 Nc4 21. Rxc4 dxc4 22. b6 Rcb8 23. Na4 Ra6 24. Rb1 c3 25. Kf1 c2 26. Rc1 Raxb6 27. Nxb6 Rxb6 28. Rxc2 Kf8 29. Ke2 Ke7 30. Kd3 Kd6 31. g4 Rb5 32. h4 c5 33. a4 Rb3+ 34. Rc3 Rxc3+ 35. Kxc3 Kd5 36. h5 cxd4+ 37. exd4 Ke4 38. Kc4 h6 39. Kc5 g6 40. g5 hxg5 41. h6 g4 42. h7 g3 43. fxg3 1-0


[Site "https://www.chess.com"]

[Event "Titled Tuesday Blitz June 1 2021"]
[White "Perez Ponsa, Federico"]
[Black "Tristan, Leonardo"]
[WhiteFideId "117927"]
[BlackFideId "113816"]
[WhiteElo "2672"]
[BlackElo "2404"]
[Result "1-0"]
[Round "04"]
[TimeControl "180+1"]
[Date "2021.06.01"]
[WhiteClock "0:00:03"]
[BlackClock "0:00:03"]

1. e4 d5 2. exd5 Qxd5 3. Nf3 Bg4 4. Be2 Nc6 5. h3 Bxf3 6. Bxf3 Qe6+ 7. Qe2 Qxe2+ 8. Bxe2 O-O-O 9. c3 e5 10. d3 f5 11. Nd2 g6 12. Nc4 Bg7 13. a4 Nge7 14. O-O Nd5 15. Rd1 h6 16. Bd2 Rhe8 17. Bf1 g5 18. b4 e4 19. d4 f4 20. b5 Nce7 21. Re1 Nf5 22. Be2 Kb8 23. Bh5 Re7 24. Bg6 Rf8 25. Re2 Rf6 26. Bh5 e3 27. Be1 Rfe6 28. Bg4 exf2+ 29. Kxf2 Rxe2+ 30. Bxe2 Nfe3 31. Nxe3 Nxe3 32. Bd3 h5 33. Bd2 g4 34. hxg4 hxg4 35. Re1 Bh6 36. Rh1 Bg7 37. Rh7 Nd1+ 38. Kf1 Ne3+ 39. Bxe3 fxe3 40. Ke2 a6 41. bxa6 bxa6 42. Bxa6 Ka7 43. Bd3 Kb6 44. Rh4 g3 45. Rg4 Ka5 46. Bc2 Bf6 47. Rxg3 Bh4 48. Rf3 Rf7 49. Rxf7 1-0


[Site "https://www.chess.com"]

[Event "Titled Tuesday Blitz June 1 2021"]
[White "Pert, Richard G"]
[Black "Dmitrenko, Viktor"]
[WhiteFideId "404748"]
[BlackFideId "14110270"]
[WhiteElo "2441"]
[BlackElo "2338"]
[Result "1-0"]
[Round "04"]
[TimeControl "180+1"]
[Date "2021.06.01"]
[WhiteClock "0:00:20"]
[BlackClock "0:00:01"]

1. d4 c6 2. c4 d5 3. Nc3 Nf6 4. Nf3 dxc4 5. e4 b5 6. Be2 Bb7 7. O-O e6 8. a4 a6 9. b3 b4 10. e5 bxc3 11. exf6 gxf6 12. bxc4 Nd7 13. c5 Qc7 14. Qb3 O-O-O 15. Rb1 e5 16. Be3 exd4 17. Bxd4 Bxc5 18. Qxc3 Bxd4 19. Nxd4 c5 20. Bf3 Bxf3 21. Nxf3 Rhg8 22. Rfc1 Qc6 23. g3 Rg4 24. a5 Qd5 25. Nd2 Rd4 26. Nc4 Kc7 27. Nb6 Nxb6 28. axb6+ Kb7 29. Qc2 Rc8 30. Qxh7 c4 31. Re1 Kb8 32. b7 Rc7 33. Re8+ Qd8 34. Rxd8+ Rxd8 35. Qc2 c3 36. Rb3 Rd2 37. Qc1 Rd3 38. Kg2 1-0


[Site "https://www.chess.com"]